 Dungeon Crawl Stone Soup version 0.28.0-53-g5a82cb258f (webtiles) character file.

Game seed: 7513521095345587314

6330 Deemzul the Fighter (level 10, -11/85 HPs)
             Began as a Palentonga Fighter on July 24, 2022.
             Was a Follower of Yredelemnul.
             Shot with a bolt by an orc knight (27 damage)
             ... on level 2 of the Orcish Mines.
             The game lasted 00:11:59 (10078 turns).

Deemzul the Fighter (Palentonga Fighter)           Turns: 10078, Time: 00:11:59

Health: -11/85     AC: 20    Str: 23    XL:     10   Next: 64%
Magic:  13/13      EV: 10    Int:  8    God:    Yredelemnul [*.....]
Gold:   488        SH: 10    Dex: 11    Spells: 9/9 levels left

rFire   + . .      SeeInvis +   A - +2 war axe (elec)
rCold   . . .      Faith    .   c - +0 buckler
rNeg    . . .      Spirit   .   d - +0 acid dragon scales
rPois   .          Reflect  +   (no helmet)
rElec   .          Harm     .   p - +0 cloak
rCorr   +          Rampage  .   (no gloves)
Will    .....                   (no barding)
Stlth   +.........              g - amulet of reflection
HPRegen 0.24/turn               h - +4 ring of protection
MPRegen 0.13/turn               E - ring of protection from fire

@: marked, curled up
A: large, rugged brown scales 3, see invisible, deformed body, roll 1, armoured
tail, reflexive curl
a: Rolling Charge, Renounce Religion, Recall Undead Harvest


You were on level 2 of the Orcish Mines.
You worshipped Yredelemnul.
Yredelemnul was noncommittal.
You visited 2 branches of the dungeon, and saw 11 of its levels.

You collected 488 gold pieces.

Inventory:

Hand Weapons
 A - a +2 war axe of electrocution (weapon)
Missiles
 k - 9 boomerangs
Armour
 c - a +0 buckler (worn)
 d - +0 acid dragon scales (worn)
 p - a +0 cloak (worn)
 w - the +18 Lear's hauberk
   (You took it off an orc on level 5 of the Dungeon)
Jewellery
 g - an amulet of reflection (around neck)
 h - a +4 ring of protection (left hand)
 t - a ring of positive energy
 v - a ring of fire
 E - a ring of protection from fire (right hand)
 H - a ring of protection from cold
 I - a ring of resist corrosion
 J - a ring of willpower
Wands
 e - a wand of flame (11)
 l - a wand of iceblast (5)
 q - a wand of mindburst (23)
Scrolls
 a - a scroll of fog
 b - a scroll of holy word {unknown}
 f - 2 scrolls of identify
 i - 2 scrolls of vulnerability
 m - 2 scrolls of enchant armour {unknown}
 n - a scroll of fear {unknown}
 r - a scroll of amnesia {unknown}
 u - a scroll of immolation {unknown}
 y - a scroll of blinking {unknown}
 z - a scroll of noise {unknown}
 B - a scroll of brand weapon {unknown}
 D - a scroll of summoning {unknown}
 F - a scroll of torment {unknown}
Potions
 j - 3 potions of flight
 o - 4 potions of curing
 s - a potion of invisibility {unknown}
 x - a potion of brilliance {unknown}
 C - a potion of resistance {unknown}
 G - a potion of attraction {unknown}


   Skills:
 + Level 8.1 Fighting
 + Level 7.8 Axes
 + Level 6.8 Armour
 + Level 3.4 Dodging
 + Level 6.7 Shields
 + Level 4.6 Invocations


You had 9 spell levels left.
You didn't know any spells.
Your spell library contained the following spells:

 Spells                   Type           Power      Damage    Failure   Level
 Ensorcelled Hibernation  Hex/Ice        0%         N/A       67%         2
 Passwall                 Tmut/Erth      0%         N/A       67%         2
 Swiftness                Air            0%         N/A       88%         3
 Hailstorm                Conj/Ice       0%         3d3       99%         4
 Ice Form                 Ice/Tmut       0%         N/A       99%         4
 Simulacrum               Ice/Necr       0%         N/A       100%        6


Dungeon Overview and Level Annotations

Branches:
Dungeon (9/15)             Temple (0/1) D:7            Lair (0/6) D:8
    Orc (2/2) D:9
    Elf: Orc:2

Altars:
Cheibriados
Elyvilon
Hepliaklqana
Kikubaaqudgha
Makhleb
Qazlal
Trog
Vehumet
Yredelemnul

Shops:
D:8 :(   D:9 =   Orc:2 [

Annotations:
D:8 3 runed translucent doors


Innate Abilities, Weirdness & Mutations

You are completely covered in rugged brown scales. (AC +3, +7% HP)
You have supernaturally acute eyesight. (SInv)
Armour fits poorly on your strangely shaped body.
You can roll at nearby foes to attack.
You have a long armoured tail.
You curl defensively after being hit. (AC +7*)


Message History

You kill the orc!
A black mist starts to gather...
An orc comes into view. It is wielding a +0 dagger.
Unknown command.
You swap places.
An orc warrior and a gnoll come into view.
The orc knight shoots a bolt.
The bolt hits you!!
An orc warrior comes into view. It is wielding a +0 hand axe.
An orc sorcerer comes into view. It is wielding a +0 dagger.
A gnoll comes into view. It is wielding a +0 spear.
Unknown command.
A gnoll comes into view. It is wielding a +0 halberd.
An orc comes into view. It is wielding a +0 trident.
The orc sorcerer mumbles some strange words.
You feel disoriented.
The orc sorcerer points at you and mumbles some strange words.
The bolt of fire hits you! You resist.
Unknown command.
You barely miss the orc knight.
Your tail-slap misses the orc knight.
The orc knight roars a battlecry!
The orcs go into a battle-frenzy!
A troll comes into view.
A gnoll comes into view. It is wielding a +0 flail.
Unknown command.
Unknown command.
Okay, then.
Unknown command.
As you read the scroll of fog, it crumbles to dust.
The scroll dissolves into smoke.
The orc knight unwields a +0 vorpal arbalest.
The orc knight wields a +0 great mace.
The orc knight hits you with a +0 great mace!!
* * * LOW HITPOINT WARNING * * *
Your orc zombie hits the gnoll but does no damage.
Unknown command.
The orc knight unwields a +0 great mace.
The orc knight wields a +0 vorpal arbalest.
The orc knight shoots a bolt.
The bolt hits you!!
You die...
Your body rises from the dead as a mindless zombie.

.........∩.....#
........#.#.....
#..............#
#......$.......
#..............
#..............
#.....).).#
##..§..§)#.# .
##...§Z@....#
..#####..#.g§§....#
........#..o#§..ZZ#
......#.##o##§§...#
#...)..og.##..o.#
.....#.o....###..#
... #g<...## #.#
....oT.g.#.# ...
.......<#...# ##


You could see an orc knight (ally target), an orc sorcerer (ally target), a
gnoll, 2 friendly orc zombies and a friendly ogre zombie.

Vanquished Creatures
  A two-headed ogre (D:8)
  A hornet (D:9)
  Prince Ribbit (D:6)
  Grinder (D:6)
  Sigmund (D:3)
  2 steam dragons
  3 wargs (D:8)
  An acid dragon (D:8)
  A water moccasin (D:6)
  4 orc warriors
  A black bear (D:8)
  2 ice beasts
  A sky beast (D:7)
  A hornet zombie (D:6)
  An ogre (Orc:2)
  5 centaurs
  3 phantoms
  2 kobold brigands
  4 scorpions
  A water moccasin zombie (D:5)
  3 killer bees (D:8)
  A howler monkey (D:4)
  2 centaur zombies (D:9)
  A bullfrog skeleton (D:5)
  10 orc priests
  A hound (D:7)
  Crazy Yiuf (D:3)
  A gnoll shaman (D:3)
  Terence (D:2)
  4 iguanas
  10 orc wizards
  A killer bee zombie (D:8)
  A hound skeleton (D:5)
  2 howler monkey zombies (D:9)
  Robin (D:3)
  6 gnolls
  5 adders
  2 shadow imps
  A white imp (D:7)
  An orc zombie (D:3)
  3 worms
  2 dart slugs
  39 orcs
  3 bats (D:1)
  8 endoplasms
  3 giant cockroaches
  15 goblins
  11 hobgoblins
  4 jackals (D:1)
  A quokka (D:3)
  10 ball pythons
  4 frilled lizards
  8 kobolds
  A quokka zombie (D:3)
204 creatures vanquished.

Vanquished Creatures (collateral kills)
  Maggie (D:8)
  A water moccasin (D:7)
  An ogre (D:6)
  A centaur (D:5)
  A phantom (D:7)
  A bullfrog (D:8)
  A wyvern zombie (D:5)
  A killer bee (D:8)
  2 jellies
  An adder (D:5)
  3 orcs
  A bat (D:2)
  A kobold (D:6)
  A frilled lizard (D:2)
17 creatures vanquished.

Vanquished Creatures (others)
  A two-headed ogre zombie (D:8)
  A spectral ice beast (D:8)
  2 centaur zombies (D:9)
  A black bear zombie (D:8)
  A scorpion zombie (D:6)
  A killer bee zombie (D:8)
  A spectral jelly (D:8)
  An iguana zombie (D:6)
  A spectral white imp (D:7)
  3 gnoll zombies (D:3)
  A quokka (D:6)
  3 goblin zombies
  2 hobgoblin zombies (D:3)
  A kobold (D:3)
  A kobold zombie (D:8)
  21 orc zombies
  20 plants (D:1)
62 creatures vanquished.

Grand Total: 283 creatures vanquished

Notes
Turn   | Place    | Note
-------+----------+-------------------------------------------
     0 | D:1      | Deemzul the Palentonga Fighter began the quest for the Orb.
     0 | D:1      | Reached XP level 1. HP: 19/19 MP: 1/1
   190 | D:1      | Reached XP level 2. HP: 25/25 MP: 2/2
   566 | D:1      | Found a faded altar of an unknown god.
   589 | D:1      | Prayed at the altar of an unknown god.
   589 | D:1      | Became a worshipper of Yredelemnul the Dark
   589 | D:1      | Reached * piety under Yredelemnul
   783 | D:1      | Reached XP level 3. HP: 30/31 MP: 3/3
  1551 | D:3      | Reached XP level 4. HP: 37/37 MP: 4/4
  1566 | D:3      | Reached XP level 5. HP: 35/44 MP: 5/5
  1658 | D:3      | Noticed Sigmund
  1663 | D:3      | Killed Sigmund
  1664 | D:3      | Reached skill level 4 in Fighting
  1664 | D:3      | Reached XP level 6. HP: 31/51 MP: 6/6
  1798 | D:3      | Noticed Robin
  1830 | D:3      | Killed Robin
  1961 | D:3      | Noticed Terence
  1985 | D:3      | Your ally Robin died
  2220 | D:2      | Killed Terence
  2769 | D:3      | Found a runed translucent door.
  2770 | D:3      | Noticed Crazy Yiuf
  3002 | D:3      | Killed Crazy Yiuf
  3203 | D:4      | Gained mutation: You curl defensively after being hit. (AC
                  | +7*) [Palentonga growth]
  3203 | D:4      | Reached XP level 7. HP: 58/58 MP: 7/7
  3324 | D:4      | Reached ** piety under Yredelemnul
  3689 | D:4      | Reached skill level 5 in Fighting
  4236 | D:5      | Entered Level 5 of the Dungeon
  4664 | D:5      | Reached skill level 5 in Axes
  4664 | D:5      | Reached XP level 8. HP: 66/67 MP: 8/8
  4785 | D:5      | Found a snail-covered altar of Cheibriados.
  4882 | D:5      | Found a burning altar of Makhleb.
  5434 | D:6      | Reached skill level 6 in Fighting
  5434 | D:6      | Reached skill level 5 in Armour
  5434 | D:6      | Reached skill level 5 in Shields
  5957 | D:6      | Noticed Grinder
  5957 | D:6      | Noticed Prince Ribbit
  6001 | D:6      | Killed Prince Ribbit
  6015 | D:6      | Killed Grinder
  6016 | D:6      | Reached XP level 9. HP: 71/75 MP: 9/9
  6293 | D:6      | Reached *** piety under Yredelemnul
  6381 | D:6      | Found a white marble altar of Elyvilon.
  6556 | D:7      | Reached skill level 1 in Invocations
  6581 | D:7      | Found a hazy altar of Hepliaklqana.
  6628 | D:7      | Found a staircase to the Ecumenical Temple.
  6736 | D:7      | Reached skill level 1 in Dodging
  7112 | D:7      | Reached skill level 7 in Fighting
  7616 | D:8      | Found a runed translucent gate.
  7617 | D:8      | Found a runed translucent gate.
  7617 | D:8      | Found a runed translucent gate.
  7618 | D:8      | Noticed a cyan ugly thing
  7618 | D:8      | Noticed a green ugly thing
  7618 | D:8      | Noticed a glowing orange brain
  7630 | D:8      | Found a bloodstained altar of Trog.
  7631 | D:8      | Found a staircase to the Lair.
  7856 | D:8      | Noticed Maggie
  7867 | D:8      | Killed Maggie
  7868 | D:8      | Reached XP level 10. HP: 50/84 MP: 12/12
  8007 | D:8      | Found Gaamm's Weapon Emporium.
  8056 | D:8      | Found Tymuezuo's Book Boutique.
  8348 | D:8      | Found an ancient bone altar of Kikubaaqudgha.
  8433 | D:8      | Noticed a two-headed ogre
  8448 | D:8      | Killed a two-headed ogre
  8760 | D:8      | Noticed a brown ugly thing
  8975 | D:9      | Found a stormy altar of Qazlal.
  8984 | D:9      | Found a radiant altar of Vehumet.
  9053 | D:9      | Paralysed by a hornet for 2 turns
  9499 | D:9      | Found Vughiumn's Jewellery Boutique.
  9743 | D:8      | Reached skill level 8 in Fighting
  9850 | D:9      | Found a staircase to the Orcish Mines.
  9899 | Orc:1    | Entered Level 1 of the Orcish Mines
 10048 | Orc:2    | Entered Level 2 of the Orcish Mines
 10068 | Orc:2    | Found Qeileub's Armour Boutique.
 10069 | Orc:2    | Noticed an orc knight
 10074 | Orc:2    | Noticed an orc sorcerer
 10078 | Orc:2    | Shot with a bolt by an orc knight

Illustrated notes

Levels and vault maps discovered:
D:1:      roderic_crop_circles_arrival_small, layout_loops_cross,
          hellmonk_ecumenical_altar_dog_temple, minmay_pentomino_u2
D:2:      layout_rooms
D:3:      layout_basic, grunt_ministairs_1, uniq_robin, uniq_sigmund,
          uniq_crazy_yiuf_cottage, uniq_terence
D:4:      wad_pebble_path, layout_cave_pods
D:5:      layout_cave_pools, makhleb_grotto_becter, cheibriados_altar_1,
          skrybe_limestone_x, minivault_23, minmay_misc_feat_alley,
          minmay_fractal_squares_5
D:6:      layout_basic, elyvilon_altar_4, uniq_prince_ribbit1, uniq_grinder
D:7:      layout_basic, mainiacjoe_overflow_alcove_2, temple_doors_cd,
          nrook_mini_vaults
D:8:      minmay_bubble_buster, layout_cave_pods,
          mainiacjoe_overflow_catwalk_spiral, erik_lair_orcish_takeover,
          ploomutoo_gammafunk_ghost_potion_laboratory, serial_shops,
          kennysheep_mini_moat, nicolae_stop_n_shop_1, nicolae_lakefront_shop,
          dk_vineyard_2, kennysheep_generic_room_6, uniq_maggie
D:9:      layout_cave_pools, lemuel_round_altar, lemuel_coloured_pillars_altar,
          lemuel_round_altar, vehumet_altar_wand_db, grunt_qazlal_clouds,
          hiddenorc1_lemuel, serial_rivers, chequers_serial_rivers_micro_c,
          chequers_serial_rivers_large_a, chequers_serial_rivers_micro_b,
          chequers_serial_rivers_small_b, minmay_shop_enchanted_jewellery,
          minmay_joined_circles
Orc:1:    layout_caves, uniq_erica
Orc:2:    grunt_orc_community_town_hall, layout_caves,
          grunt_orc_community_big_house_1, grunt_orc_community_big_house_2,
          grunt_orc_community_house_2, grunt_orc_community_house_1,
          grunt_orc_community_house_1, grunt_orc_community_house_2,
          serial_shops, nicolae_shop_crystal

Skill      XL: |  1  2  3  4  5  6  7  8  9 10 |
---------------+-------------------------------+-----
Armour         | 3 4 5 6 |  6.8
Shields        | 3 4 5 6 |  6.7
Axes           | 3 4 5 6 7 |  7.8
Fighting       | 4 5 6 7 8 |  8.1
Invocations    | 3 4 |  4.6
Dodging        | 2 3 |  3.4

Action                   |  1- 3 |  4- 6 |  7- 9 | 10-12 || total
-------------------------+-------+-------+-------+-------++-------
Melee: War axe           |   122 |   130 |   246 |   115 ||   613
       Tailslap          |     6 |    21 |    35 |    14 ||    76
Invok: Recall Undead Har |       |     1 |       |       ||     1
 Abil: Rolling Charge    |       |     1 |       |       ||     1
  Use: Potion            |       |       |     4 |       ||     4
       Scroll            |       |       |       |     6 ||     6
 Stab: Distracted        |       |       |       |     1 ||     1
Armor: Scale mail        |    79 |    47 |   131 |       ||   257
       Acid dragon scale |       |       |       |    54 ||    54
Dodge: Dodged            |    47 |    44 |    71 |    50 ||   212
Block: Buckler           |    33 |    59 |   140 |    76 ||   308
       Reflection        |       |     2 |     3 |     1 ||     6
